Match 42318962
Unlisted

Match 42318962
End
Construct Weapon Support Center
Bazooka Squad
Selects Airborne Battlegroup
Selects Heavy Machine Gun Paradrop
Heavy Machine Gun Paradrop
Bazooka Squad
Bazooka Squad
Infantry Support Center
Heavy Machine Gun Paradrop
Selects Paratrooper Squad Paradrop
Paratrooper Squad Paradrop
Construct Tank Depot
Selects Recon Loiter
Demolitions Package
M18 Hellcat Tank Destroyer
Selects Supply Drop
M18 Hellcat Tank Destroyer
Engineer Squad
M18 Hellcat Tank Destroyer
Supply Drop
Selects Carpet Bombing Run
Recon Loiter
Improved M9 Bazooka Rockets
M18 Hellcat Tank Destroyer
Carpet Bombing Run
Masang
first pig
youngest pig
second pig
insane
BigShoota
Sight RAnge
Voyage to Death
0
0

Comments sign in to comment!

No comments posted yet!